 Dungeon Crawl Stone Soup version 0.30-a0-241-g1121274140 (console) character file.

Game seed: 13605468820438624818

103175 jejorda2 the Basher (level 16, -2/129 HPs)
             Began as a Gnoll Berserker on Oct 10, 2022.
             Was a High Priest of Trog.
             Slain by a sun demon (14 damage)
             ... summoned by an orc high priest
             ... on level 2 of the Orcish Mines on Oct 11, 2022.
             The game lasted 01:17:12 (25362 turns).

jejorda2 the Basher (Gnoll Berserker)              Turns: 25362, Time: 01:17:12

Health: -2/129     AC: 32    Str: 24    XL:     16   Next: 35%
Magic:  31/31      EV: 13    Int: 13    God:    Trog [*****.]
Gold:   2447       SH:  7    Dex:  9    Spells: 37/37 levels left

rFire   . . .      SeeInvis +    a - +1 broad axe (flame)
rCold   . . .      Faith    .    I - +1 buckler {AC+3}
rNeg    . . .      Spirit   .    H - +6 scale mail "Kiesot" {rPois rCorr Int+5 Dex-2}
rPois   +          Reflect  .    K - +2 helmet {SInv}
rElec   .          Harm     .    l - +2 cloak
rCorr   +          Rampage  .    u - +2 pair of gloves
Will    +....                    p - +2 pair of boots
Stlth   ++........               (no amulet)
HPRegen 0.41/turn                c - +4 ring of protection
MPRegen 0.22/turn                G - +4 ring of slaying

@: spiked, corroded, on berserk cooldown, slowed, studying Axes, very slow
A: fangs 1, strong nose, distributed training
a: Renounce Religion, Berserk, Trog's Hand, Brothers in Arms


You were on level 2 of the Orcish Mines.
You worshipped Trog.
Trog was extremely pleased with you.
You visited 3 branches of the dungeon, and saw 22 of its levels.
You also visited: Bailey.

You collected 2571 gold pieces.
You spent 124 gold pieces at shops.

Inventory:

Hand Weapons
 a - a +1 broad axe of flaming (weapon)
 b - a +1 morningstar of protection
Missiles
 s - 10 boomerangs
 C - 29 poisoned darts
 D - 2 javelins (quivered)
 L - 2 throwing nets
 Y - 2 curare-tipped darts
Armour
 l - a +2 cloak (worn)
 p - a +2 pair of boots (worn)
 u - a +2 pair of gloves (worn)
 H - the +6 scale mail "Kiesot" (worn) {rPois rCorr Int+5 Dex-2}
   (You acquired it in a bailey)

   Int:       It affects your intelligence (+5).
   Dex:       It affects your dexterity (-2).
   rPois:     It protects you from poison.
   rCorr:     It protects you from acid and corrosion.
 I - a +1 buckler of protection (worn)
 K - a +2 helmet of see invisible (worn)
Jewellery
 c - a +4 ring of protection (left hand)
 i - a ring of positive energy
 m - a ring of protection from cold
 z - a ring of protection from fire
 G - a +4 ring of slaying (right hand)
Wands
 h - a wand of roots (29)
 k - a wand of paralysis (14)
 v - a wand of polymorph (3)
 N - a wand of flame (35)
 P - a wand of digging (13)
 W - a wand of mindburst (10)
Scrolls
 d - a scroll of fog
 g - a scroll of enchant weapon
 j - 7 scrolls of teleportation
 y - 4 scrolls of immolation
 J - 2 scrolls of silence
 O - 2 scrolls of summoning
 R - a scroll of magic mapping
 T - a scroll of fear
 U - a scroll of brand weapon {unknown}
 V - 2 scrolls of blinking
 Z - 2 scrolls of vulnerability {unknown}
Potions
 f - 7 potions of curing
 n - a potion of cancellation
 o - 4 potions of attraction
 q - 3 potions of invisibility
 r - 7 potions of flight
 t - 5 potions of mutation
 w - 4 potions of haste
 x - a potion of resistance
 B - 4 potions of ambrosia
 E - 7 potions of might
 F - a potion of heal wounds
Miscellaneous
 e - a phial of floods (inert)
 S - a condenser vane (inert)


   Skills:
 + Level 12.9 Fighting
 + Level 11.2 Short Blades
 + Level 11.2 Long Blades
 + Level 11.7 Axes
 + Level 12.9 Maces & Flails
 + Level 11.2 Polearms
 + Level 11.2 Staves
 + Level 11.2 Ranged Weapons
 + Level 11.2 Throwing
 + Level 12.1 Armour
 + Level 12.1 Dodging
 + Level 11.2 Stealth
 + Level 11.2 Shields
 + Level 11.2 Unarmed Combat
 + Level 11.2 Spellcasting
 + Level 9.4 Conjurations
 + Level 9.4 Hexes
 + Level 9.4 Summonings
 + Level 9.4 Necromancy
 + Level 9.4 Translocations
 + Level 9.4 Transmutations
 + Level 9.4 Fire Magic
 + Level 9.4 Ice Magic
 + Level 9.4 Air Magic
 + Level 9.4 Earth Magic
 + Level 9.4 Poison Magic
 + Level 12.2 Invocations
 + Level 11.2 Evocations


You had 37 spell levels left.
You didn't know any spells.
Your spell library was empty.

Dungeon Overview and Level Annotations

Branches:
Dungeon (15/15)            Temple (0/1) D:4            Lair (5/5) D:10
  Swamp (0/4) Lair:2       Spider (0/4) Lair:3        Slime (0/5) Lair:5
    Orc (2/2) D:9          Vaults (0/5) D:14         Depths (0/4) D:15
 Bailey (visited)
    Elf: Orc:2

Altars:
Cheibriados
Dithmenos
Elyvilon
Fedhas
Hepliaklqana
Nemelex Xobeh
Okawaru
Qazlal
Ru
Trog
Vehumet
Xom
Yredelemnul
Jiyva

Shops:
D:7 !*

Portals:
Trove: D:10 (give +6 demon trident)

Annotations:
D:5 2 runed translucent doors, lunkers's ghost, novice MeBe
Lair:4 1 runed translucent door, Kugou's ghost, journeyman DsFi
Lair:5 1 runed translucent door, quinnr's ghost, journeyman NaIE


Innate Abilities, Weirdness & Mutations

You have very sharp teeth.
Your uncanny sense of smell can sniff out nearby items.
Your experience applies equally to all skills.


Message History

Barbed spikes become lodged in your body.
The orc high priest calls down the wrath of Beogh upon you.
Beogh smites you!
* * * LOW HITPOINT WARNING * * *
The sun demon barely misses you.
You slash the orc high priest! You burn the orc high priest.
The orc high priest is severely wounded.
You barely miss the sun demon. You hit the rust devil.
The red devil hits you from afar with a +0 trident!
* * * LOW HITPOINT WARNING * * *
Barbed spikes become lodged in your body.
The sun demon hits you.
* * * LOW HITPOINT WARNING * * *
You are engulfed in flames!
* * * LOW HITPOINT WARNING * * *
The orc high priest hits you but does no damage.
The rust devil hits you. The rust devil corrodes you!
You block the red devil's attack.
Unknown command.
Aim the phial where?
Press: ? - help, Shift-Dir - straight line, f - orc high priest
Aim: an orc high priest, wielding a +0 short sword (severely wounded)
The torrent of water hits the orc high priest!
The orc high priest is almost dead.
The orc high priest is knocked back by the torrent of water.
The orc high priest collides with the red devil!
The red devil is moderately wounded.
The orc high priest is almost dead.
The wave splashes down.
Splash!
You fall into the shallow water.
Moving in this stuff is going to be slow.
The sun demon is engulfed in water.
The rust devil is engulfed in water.
The orc high priest is engulfed in water.
The red devil is engulfed in water.
You hear a shout! x17
The sun demon hits you.
* * * LOW HITPOINT WARNING * * *
You are engulfed in flames!
You die...

#..........#.....######.o
............................
..............#........o....
#.......$......(............
#............((.............
.##.##...#...#..........
####...(.).)##..$.....
#......3)~~##...o...
##....)4@~~#.....o..
##.#)#)#o#o........
#####)##4~....##..
#.).#~~....# #^..###.#....#
##.## #........ ##
...$...##. #.#.#..# ##......


You could see an orc high priest (waterlogged), a sun demon (summoned,
waterlogged), a rust devil (summoned, waterlogged), a red devil (summoned,
waterlogged) and an orc priest.

Vanquished Creatures
  Jorgrun (D:12)
  3 slime creatures (D:12)
  Snorg (Lair:3)
  Josephine (D:12)
  The ghost of droid the Severer, a journeyman MiFi of Okawaru (D:12)
  2 ice dragons (D:15)
  Fannar (D:12)
  Erolcha (D:9)
  A vault guard (D:14)
  Erica (D:8)
  8 hydras
  4 catoblepae
  6 centaur warriors
  18 death yaks
  An alligator (Lair:3)
  2 boulder beetles (D:12)
  4 tengu warriors
  3 two-headed ogres
  4 orc high priests
  A goliath frog (Lair:3)
  A swamp dragon (Lair:3)
  5 orc knights
  Pikel (D:7)
  2 deep elf pyromancers
  3 orc sorcerers
  5 cyclopes
  6 ugly things
  5 manticores
  17 elephants
  A salamander (shapeshifter) (D:14)
  6 black mambas
  2 torpor snails
  Joseph (D:9)
  Maggie (D:7)
  11 cane toads
  A gargoyle (D:12)
  An unseen horror (D:12)
  An efreet (D:14)
  2 kobold demonologists
  A rime drake (Lair:4)
  15 komodo dragons
  A komodo dragon (shapeshifter) (D:14)
  2 tengu conjurers
  7 trolls
  A polar bear (Lair:5)
  3 hornets
  4 meliai
  A queen bee (D:12)
  5 tyrant leeches
  Prince Ribbit (D:7)
  5 dream sheep (Lair:2)
  29 blink frogs
  A culicivora (Lair:3)
  6 wraiths
  71 yaks
  5 wyverns
  7 basilisks
  Eustachio (D:6)
  2 steam dragons
  4 vampire mosquitoes (Lair:3)
  Edmund (D:4)
  A warg (Orc:1)
  2 swamp worms (Lair:3)
  5 water moccasins
  Duvessa (D:5)
  3 acid dragons
  A swamp drake (Lair:3)
  24 orc warriors
  2 sky beasts (D:6)
  An ice beast (D:7)
  15 centaurs
  5 wolves (Lair:2)
  6 ogres
  A boggart (D:14)
  4 kobold brigands
  11 bullfrogs
  2 scorpions
  Dowan (D:5)
  17 killer bees
  4 electric eels (Bailey)
  4 howler monkeys
  5 hounds
  2 jellies
  30 orc priests
  A gnoll bouda (D:10)
  3 iguanas
  7 hell rats (Lair:2)
  24 orc wizards
  21 gnolls
  11 adders
  An ufetubus (D:7)
  3 worms
  60 orcs
  3 ball pythons
  4 bats
  4 endoplasms
  5 giant cockroaches
  10 goblins
  10 hobgoblins
  2 jackals (D:4)
  2 quokkas (D:1)
  3 frilled lizards
  19 kobolds
  7 rats
656 creatures vanquished.

Vanquished Creatures (collateral kills)
  A death yak (Lair:2)
  A cane toad (Lair:2)
  A yak (Lair:2)
  A wolf (Lair:2)
  An orc priest (Orc:2)
  An orc wizard (Orc:2)
6 creatures vanquished.

Vanquished Creatures (others)
  A yak (D:9)
  An orc priest (D:15)
  40 fungi
  77 plants
  2 withered plants (Lair:5)
121 creatures vanquished.

Grand Total: 783 creatures vanquished

Notes
Turn   | Place    | Note
-------+----------+-------------------------------------------
     0 | D:1      | jejorda2 the Gnoll Berserker began the quest for the Orb.
     0 | D:1      | Reached XP level 1. HP: 23/23 MP: 1/1
   210 | D:1      | Reached XP level 2. HP: 27/29 MP: 2/2
   825 | D:2      | Reached ** piety under Trog
   844 | D:2      | Reached XP level 3. HP: 35/35 MP: 3/3
   917 | D:2      | Reached skill level 1 in Invocations
   992 | D:2      | Found a hazy altar of Hepliaklqana.
  1389 | D:3      | Reached skill level 1 in Short Blades
  1389 | D:3      | Reached skill level 1 in Long Blades
  1389 | D:3      | Reached skill level 1 in Axes
  1389 | D:3      | Reached skill level 1 in Polearms
  1389 | D:3      | Reached skill level 1 in Staves
  1389 | D:3      | Reached skill level 1 in Ranged Weapons
  1389 | D:3      | Reached skill level 1 in Throwing
  1389 | D:3      | Reached skill level 1 in Stealth
  1389 | D:3      | Reached skill level 1 in Shields
  1389 | D:3      | Reached skill level 1 in Unarmed Combat
  1389 | D:3      | Reached skill level 1 in Spellcasting
  1389 | D:3      | Reached skill level 1 in Evocations
  1649 | D:3      | Reached XP level 4. HP: 41/41 MP: 5/5
  1995 | D:3      | Found a white marble altar of Elyvilon.
  2195 | D:4      | Noticed Edmund
  2211 | D:4      | Killed Edmund
  2212 | D:4      | Reached skill level 1 in Conjurations
  2212 | D:4      | Reached skill level 1 in Hexes
  2212 | D:4      | Reached skill level 1 in Summonings
  2212 | D:4      | Reached skill level 1 in Necromancy
  2212 | D:4      | Reached skill level 1 in Translocations
  2212 | D:4      | Reached skill level 1 in Transmutations
  2212 | D:4      | Reached skill level 1 in Fire Magic
  2212 | D:4      | Reached skill level 1 in Ice Magic
  2212 | D:4      | Reached skill level 1 in Air Magic
  2212 | D:4      | Reached skill level 1 in Earth Magic
  2212 | D:4      | Reached skill level 1 in Poison Magic
  2212 | D:4      | Reached XP level 5. HP: 47/47 MP: 5/7
  2382 | D:4      | Found a staircase to the Ecumenical Temple.
  2424 | D:4      | Noticed a kobold brigand
  2435 | D:4      | Killed a kobold brigand
  2436 | D:4      | Reached skill level 5 in Armour
  2436 | D:4      | Reached skill level 5 in Dodging
  2436 | D:4      | Reached XP level 6. HP: 46/53 MP: 7/9
  2478 | D:4      | Found a sacrificial altar of Ru.
  2848 | D:5      | Entered Level 5 of the Dungeon
  2983 | D:5      | Found a large runed translucent door.
  2983 | D:5      | Found a large runed translucent door.
  2994 | D:5      | Reached XP level 7. HP: 59/59 MP: 10/10
  3100 | D:5      | Found a blossoming altar of Fedhas.
  3202 | D:5      | Noticed Dowan
  3204 | D:5      | Noticed Duvessa
  3213 | D:5      | Killed Dowan
  3219 | D:5      | Killed Duvessa
  3220 | D:5      | Reached XP level 8. HP: 67/67 MP: 10/12
  3298 | D:5      | Found a basalt altar of Yredelemnul.
  3362 | D:5      | Noticed lunkers's ghost (novice MeBe)
  4333 | D:6      | Noticed Eustachio
  4342 | D:6      | Killed Eustachio
  4350 | D:6      | Reached XP level 9. HP: 73/73 MP: 14/14
  4539 | D:7      | Found a flagged portal.
  4549 | D:7      | Noticed Prince Ribbit
  4576 | D:7      | Killed Prince Ribbit
  4616 | Bailey   | Entered a bailey
  5070 | Bailey   | Noticed an orc knight
  5082 | Bailey   | Killed an orc knight
  5083 | Bailey   | Reached skill level 5 in Invocations
  5105 | Bailey   | Noticed an orc knight
  5240 | Bailey   | Acquired the +6 scale mail "Kiesot" {rPois rCorr Int+5
                  | Dex-2}
  5263 | Bailey   | Found an iron altar of Okawaru.
  5265 | Bailey   | Noticed an orc sorcerer
  5265 | Bailey   | Noticed an orc high priest
  5267 | Bailey   | Noticed a sun demon
  5292 | Bailey   | Paralysed by an orc sorcerer for 5 turns
  5302 | Bailey   | Killed an orc sorcerer
  5303 | Bailey   | Reached skill level 5 in Short Blades
  5303 | Bailey   | Reached skill level 5 in Long Blades
  5303 | Bailey   | Reached skill level 5 in Axes
  5303 | Bailey   | Reached skill level 5 in Polearms
  5303 | Bailey   | Reached skill level 5 in Staves
  5303 | Bailey   | Reached skill level 5 in Ranged Weapons
  5303 | Bailey   | Reached skill level 5 in Throwing
  5303 | Bailey   | Reached skill level 5 in Stealth
  5303 | Bailey   | Reached skill level 5 in Shields
  5303 | Bailey   | Reached skill level 5 in Unarmed Combat
  5303 | Bailey   | Reached skill level 5 in Spellcasting
  5303 | Bailey   | Reached skill level 5 in Evocations
  5303 | Bailey   | Reached XP level 10. HP: 62/82 MP: 17/17
  5325 | Bailey   | Killed an orc high priest
  5325 | Bailey   | Reached *** piety under Trog
  5368 | Bailey   | Noticed an orc knight
  5382 | Bailey   | Killed an orc knight
  5532 | Bailey   | Killed an orc knight
  6294 | D:7      | Found Pyrgheung's General Store.
  6303 | D:7      | Bought a scroll of identify for 28 gold pieces
  6341 | D:7      | Noticed Maggie
  6352 | D:7      | Killed Maggie
  6473 | D:7      | Noticed Pikel
  6480 | D:7      | Killed Pikel
  6512 | D:7      | Found Bicvud's Distillery.
  6515 | D:7      | Bought a potion of berserk rage for 60 gold pieces
  6515 | D:7      | Bought a potion of lignification for 36 gold pieces
  6650 | D:7      | Found a bloodstained altar of Trog.
  6800 | D:8      | Reached skill level 5 in Conjurations
  6800 | D:8      | Reached skill level 5 in Hexes
  6800 | D:8      | Reached skill level 5 in Summonings
  6800 | D:8      | Reached skill level 5 in Necromancy
  6800 | D:8      | Reached skill level 5 in Translocations
  6800 | D:8      | Reached skill level 5 in Transmutations
  6800 | D:8      | Reached skill level 5 in Fire Magic
  6800 | D:8      | Reached skill level 5 in Ice Magic
  6800 | D:8      | Reached skill level 5 in Air Magic
  6800 | D:8      | Reached skill level 5 in Earth Magic
  6800 | D:8      | Reached skill level 5 in Poison Magic
  6800 | D:8      | Reached XP level 11. HP: 87/89 MP: 20/20
  7201 | D:8      | Found a stormy altar of Qazlal.
  7507 | D:8      | Noticed Erica
  7523 | D:8      | Killed Erica
  7593 | D:8      | Found a radiant altar of Vehumet.
  7678 | D:9      | Noticed Joseph
  7695 | D:9      | Killed Joseph
  7767 | D:9      | Reached **** piety under Trog
  7975 | D:9      | Noticed Erolcha
  7991 | D:9      | Killed Erolcha
  8036 | D:9      | Found a shadowy altar of Dithmenos.
  8242 | D:9      | Found a staircase to the Orcish Mines.
  8576 | D:9      | Found a stormy altar of Qazlal.
  8576 | D:9      | Noticed a two-headed ogre
  8589 | D:9      | Killed a two-headed ogre
  8640 | D:9      | Found a sparkling altar of Nemelex Xobeh.
  8640 | D:9      | Found a shimmering blue altar of Sif Muna.
  8643 | D:9      | Found a sparkling altar of Nemelex Xobeh.
  8643 | D:9      | Found a shimmering altar of Xom.
  8643 | D:9      | Found a sacrificial altar of Ru.
  8848 | D:10     | Entered Level 10 of the Dungeon
  8863 | D:10     | Found a staircase to the Lair.
  9024 | D:10     | Found an iron altar of Okawaru.
  9337 | D:10     | Found a portal to a secret trove of treasure.
  9637 | Lair:1   | Entered Level 1 of the Lair of Beasts
  9748 | Lair:1   | Reached XP level 12. HP: 97/97 MP: 22/22
 10206 | Lair:1   | Reached skill level 10 in Fighting
 10206 | Lair:1   | Reached skill level 10 in Maces & Flails
 10816 | Lair:2   | Noticed a death yak
 10823 | Lair:2   | Killed a death yak
 11314 | Lair:2   | Noticed a death yak
 11315 | Lair:2   | Noticed a death yak
 11334 | Lair:2   | Killed a death yak
 11387 | Lair:2   | Noticed a death yak
 11393 | Lair:2   | Noticed a death yak
 11394 | Lair:2   | Noticed a death yak
 11402 | Lair:2   | Killed a death yak
 11409 | Lair:2   | Killed a death yak
 11410 | Lair:2   | Reached XP level 13. HP: 104/104 MP: 25/25
 12429 | Lair:2   | Found a staircase to the Swamp.
 13265 | Lair:3   | Noticed Snorg
 13277 | Lair:3   | Killed Snorg
 13278 | Lair:3   | Reached skill level 10 in Armour
 13278 | Lair:3   | Reached skill level 10 in Dodging
 13473 | Lair:3   | Found a hole to the Spider Nest.
 14142 | Lair:3   | You fall into a shaft and drop 2 floors!
 14142 | Lair:5   | Entered Level 5 of the Lair of Beasts
 14326 | Lair:4   | Found a runed translucent door.
 14508 | Lair:4   | Noticed Kugou's ghost (journeyman DsFi)
 14901 | Lair:3   | Reached skill level 10 in Invocations
 14901 | Lair:3   | Reached XP level 14. HP: 113/113 MP: 27/27
 16559 | Lair:5   | Found a runed translucent door.
 16559 | Lair:5   | Noticed quinnr's ghost (journeyman NaIE)
 16625 | Lair:5   | Found a viscous altar of Jiyva.
 16627 | Lair:5   | Found a staircase to the Slime Pits.
 17464 | Lair:5   | Reached skill level 10 in Short Blades
 17464 | Lair:5   | Reached skill level 10 in Long Blades
 17464 | Lair:5   | Reached skill level 10 in Axes
 17464 | Lair:5   | Reached skill level 10 in Polearms
 17464 | Lair:5   | Reached skill level 10 in Staves
 17464 | Lair:5   | Reached skill level 10 in Ranged Weapons
 17464 | Lair:5   | Reached skill level 10 in Throwing
 17464 | Lair:5   | Reached skill level 10 in Stealth
 17464 | Lair:5   | Reached skill level 10 in Shields
 17464 | Lair:5   | Reached skill level 10 in Unarmed Combat
 17464 | Lair:5   | Reached skill level 10 in Spellcasting
 17464 | Lair:5   | Reached skill level 10 in Evocations
 17709 | Lair:5   | Reached XP level 15. HP: 92/120 MP: 29/29
 19210 | D:11     | Found a snail-covered altar of Cheibriados.
 19737 | D:12     | Found a transporter.
 19795 | D:12     | Noticed droid's ghost (journeyman MiFi)
 19842 | D:12     | Found a transporter.
 19973 | D:12     | Noticed Jorgrun
 19993 | D:12     | Killed Jorgrun
 20081 | D:12     | Noticed Fannar
 20311 | D:12     | Killed Fannar
 20589 | D:12     | Noticed Josephine
 20602 | D:12     | Killed Josephine
 20829 | D:12     | Killed droid's ghost
 22156 | D:14     | Found a gate to the Vaults.
 22672 | D:14     | Found a radiant altar of Vehumet.
 22770 | D:14     | Reached ***** piety under Trog
 22771 | D:14     | Reached XP level 16. HP: 122/129 MP: 30/30
 23333 | D:15     | Entered Level 15 of the Dungeon
 23642 | D:15     | Found a staircase to the Depths.
 24376 | Orc:1    | Entered Level 1 of the Orcish Mines
 24763 | Orc:2    | Entered Level 2 of the Orcish Mines
 25362 | Orc:2    | Slain by a sun demon

Illustrated notes

Levels and vault maps discovered:
D:1:      lordsloth_arrival_two_stooges, layout_basic,
          minmay_misc_feat_nine_boxes
D:2:      layout_basic, basic_altar
D:3:      layout_loops_ring, lemuel_coloured_pillars_altar
D:4:      layout_loops_cross, nicolae_ru_awakened_eye,
          minmay_temple_entry_enclosed_plants, uniq_edmund
D:5:      layout_basic, mainiacjoe_overflow_brackets,
          mainiacjoe_overflow_concentric_impassable,
          ebering_ghost_disaster_area, uniq_duvessa
D:6:      layout_gridville, uniq_eustachio
D:7:      layout_loops_ring, mainiacjoe_overflow_tiny_flanked, enter_bailey_6,
          serial_shops, nicolae_shop_behind_doors, shop, uniq_prince_ribbit1,
          uniq_maggie, uniq_pikel
D:8:      layout_loops_cross, mainiacjoe_overflow_six_doors_small,
          nicolae_qazlal_scattered_showers, uniq_erica
D:9:      layout_basic, mainiacjoe_overflow_cross_hatched, doesnt_xom_only_xom,
          minmay_orc_entry_temple_large, uniq_erolcha, uniq_joseph
D:10:     layout_long_grid, mainiacjoe_overflow_small_starburst,
          lair_entry_dummy, enter_trove_1
D:11:     layout_irregular_city, cheibriados_altar_1
D:12:     layout_cross, gammafunk_ghost_hive, uniq_fannar, uniq_josephine,
          uniq_jorgrun
D:13:     layout_cave_pods
D:14:     layout_loops_corners, david_vaults_5, nicolae_vehumet_altar_sigil
D:15:     grunt_enter_depths_hoard, layout_basic
Lair:1:   layout_regular_city, nicolae_quartered_pool_impasse,
          infiniplex_staircase_pool_2
Lair:2:   nzn_winding_woodlands_small [nzn_winding_woodlands_5x15_default,
          nzn_winding_woodlands_center_garden,
          nzn_winding_woodlands_5x15_pockets], layout_loops_ring,
          minmay_swamp_entry_worms, lemuel_fruit_fields
Lair:3:   onia_ninara_swampy_vault, layout_regular_city,
          spider_nest_entry_rubble, guppyfry_lair_drakes, uniq_snorg
Lair:4:   layout_misc_corridors, ebering_ghost_reflecting_pool,
          beast_lair_carwin_7, lemuel_fruit_fields
Lair:5:   evilmike_catoblepas_cave, layout_regular_city, slime_entry_1,
          gammafunk_ghost_grave, bh_autumn_forest_stairs
Orc:1:    layout_caves
Orc:2:    st_orc_mages, layout_caves, basic_altar, lightli_church_of_beogh

Skill      XL: |  1  2  3  4  5  6  7  8  9 10 11 12 13 14 15 16 |
---------------+-------------------------------------------------+-----
Invocations    | 1 2 3 4 5 6 7 8 10 11 12 | 12.2
Short Blades   | 1 2 3 5 6 7 8 9 10 11 | 11.2
Long Blades    | 1 2 3 5 6 7 8 9 10 11 | 11.2
Axes           | 1 2 3 5 6 7 8 9 10 11 | 11.7
Polearms       | 1 2 3 5 6 7 8 9 10 11 | 11.2
Staves         | 1 2 3 5 6 7 8 9 10 11 | 11.2
Ranged Weapons | 1 2 3 5 6 7 8 9 10 11 | 11.2
Throwing       | 1 2 3 5 6 7 8 9 10 11 | 11.2
Stealth        | 1 2 3 5 6 7 8 9 10 11 | 11.2
Shields        | 1 2 3 5 6 7 8 9 10 11 | 11.2
Unarmed Combat | 1 2 3 5 6 7 8 9 10 11 | 11.2
Spellcasting   | 1 2 3 5 6 7 8 9 10 11 | 11.2
Evocations     | 1 2 3 5 6 7 8 9 10 11 | 11.2
Conjurations   | 1 2 3 4 5 6 7 8 9 |  9.4
Hexes          | 1 2 3 4 5 6 7 8 9 |  9.4
Summonings     | 1 2 3 4 5 6 7 8 9 |  9.4
Necromancy     | 1 2 3 4 5 6 7 8 9 |  9.4
Translocations | 1 2 3 4 5 6 7 8 9 |  9.4
Transmutations | 1 2 3 4 5 6 7 8 9 |  9.4
Fire Magic     | 1 2 3 4 5 6 7 8 9 |  9.4
Ice Magic      | 1 2 3 4 5 6 7 8 9 |  9.4
Air Magic      | 1 2 3 4 5 6 7 8 9 |  9.4
Earth Magic    | 1 2 3 4 5 6 7 8 9 |  9.4
Poison Magic   | 1 2 3 4 5 6 7 8 9 |  9.4
Armour         | 5 6 7 8 9 10 11 12 | 12.1
Dodging        | 5 6 7 8 9 10 11 12 | 12.1
Fighting       | 7 8 9 10 11 12 | 12.9
Maces & Flails | 7 8 9 10 11 12 | 12.9

Action                   |  1- 3 |  4- 6 |  7- 9 | 10-12 | 13-15 | 16-18 || total
-------------------------+-------+-------+-------+-------+-------+-------++-------
Melee: Mace              |   115 |    27 |       |       |       |       ||   142
       Bite              |    10 |     4 |    20 |    81 |   211 |    32 ||   358
       Punch             |       |     1 |       |       |       |       ||     1
       Dire flail        |       |    55 |   241 |    77 |       |       ||   373
       Morningstar       |       |       |       |   579 |  1033 |       ||  1612
       Broad axe         |       |       |       |       |   184 |   227 ||   411
Throw: Stone             |       |     4 |     1 |       |       |       ||     5
       Dart              |       |       |     7 |    30 |    46 |       ||    83
       Javelin           |       |       |     2 |       |    13 |     8 ||    23
       Boomerang         |       |       |     4 |    16 |       |       ||    20
Invok: Berserk           |       |     3 |     4 |    13 |    25 |     6 ||    51
       Trog's Hand       |       |       |     5 |     7 |     7 |     3 ||    22
       Brothers in Arms  |       |       |       |     2 |     1 |     1 ||     4
Evoke: Wand              |       |       |       |       |     4 |       ||     4
       Condenser vane    |       |       |       |       |     2 |     1 ||     3
       Phial of floods   |       |       |       |       |       |     1 ||     1
  Use: Scroll            |       |     3 |    17 |     8 |    13 |     1 ||    42
       Potion            |       |       |       |     1 |     2 |     1 ||     4
 Stab: Paralysed         |       |       |       |       |     4 |       ||     4
       Sleeping          |       |       |       |       |    10 |     1 ||    11
       Confused          |       |       |       |       |     1 |       ||     1
       Distracted        |       |       |       |       |     2 |       ||     2
Armor: Chain mail        |    74 |    37 |     9 |       |       |       ||   120
       Scale mail        |       |       |    91 |   371 |   958 |   214 ||  1634
Dodge: Dodged            |    41 |    36 |   114 |   356 |   713 |   159 ||  1419
Block: Buckler           |       |       |       |   131 |   371 |    93 ||   595

Table legend: (Time is in decaauts)
 A = Elapsed time spent in this place.
 B = Non-inter-level travel time spent in this place.
 C = Inter-level travel time spent in this place.
 D = Time resting spent in this place.
 E = Time spent auto-exploring this place.
 F = Levels seen in this place.
 G = Mean time per level.
                   A        B        C        D        E       F      G
               +--------+--------+--------+--------+--------+-----+--------+
         Total |  25787 |  24658 |   1129 |   3764 |  15433 |  23 | 1121.2 |
       Dungeon |  14046 |  13155 |    891 |   1549 |   9043 |  15 |  936.4 |
          Lair |   9460 |   9252 |    208 |   1620 |   5447 |   5 | 1892.0 |
  Orcish Mines |    735 |    707 |     28 |      2 |    477 |   2 |  367.5 |
        Bailey |   1545 |   1545 |      0 |    593 |    466 |   1 | 1545.0 |
               +--------+--------+--------+--------+--------+-----+--------+

Top non-repeatable levels by time:
  Lair:3: 2597 daAuts
  Lair:5: 2332 daAuts
  Lair:2: 1781 daAuts
  Lair:4: 1557 daAuts
  Bailey: 1545 daAuts
    D:14: 1485 daAuts
     D:9: 1469 daAuts
    D:12: 1343 daAuts
  Lair:1: 1191 daAuts
     D:8: 1112 daAuts
     D:4: 1042 daAuts
    D:15: 966 daAuts
    D:13: 890 daAuts
    D:10: 857 daAuts
     D:6: 769 daAuts
